 Dungeon Crawl Stone Soup version 0.32-a0-411-g744942f433 (webtiles) character file.

Game seed: 278456369480504921

109 cforsyth the Slasher (level 4, 0/52 HPs)
             Began as a Coglin Gladiator on Feb 21, 2024.
             Slain by a gnoll
             ... wielding a +0 spear
              (5 damage)
             ... on level 2 of the Dungeon.
             The game lasted 00:02:15 (1305 turns).

cforsyth the Slasher (Coglin Gladiator)             Turns: 1305, Time: 00:02:16

Health: 0/52       AC: 22    Str: 14    XL:     4   Next: 90%
Magic:  4/4        EV:  2    Int:  7    God:
Gold:   63         SH:  0    Dex: 18    Spells: 3/3 levels left

rFire   . . .        a - +0 long sword {Charoen}
rCold   + . .        (no shield)
rNeg    . . .        b - melded +0 leather armour
rPois   +            c - melded +0 helmet
rElec   .            (cloak currently unavailable)
rCorr   .            (gloves currently unavailable)
SInv    .            (boots currently unavailable)
Will    .....        (no amulet)
Stlth   ++           C - ring of protection from cold
HPRegen 1.08/turn    (no ring)
MPRegen 0.09/turn

%: no passive effects
@: tree-form
A: stationary, stasis, torment immunity, boosted hp, off-hand wielding, slow
wielding, warmup strikes, (legs shutdown), (cold resistance 1), regeneration 1,
MP-powered wands
a: no special abilities


You were on level 2 of the Dungeon.
You were a tree.
You visited 1 branch of the dungeon, and saw 2 of its levels.

You collected 63 gold pieces.


Innate Abilities, Weirdness & Mutations

You are a tree.
Your roots penetrate the ground, keeping you stationary.
You cannot be teleported.
You are immune to unholy pain and torment.
Your maximum health is greatly increased.
Your equipment is partially melded.
You can wield a second weapon in your off-hand.
It takes a long time for you to wield or remove held weapons.
Your first few attacks do less damage.
((Attacking and casting redirects power from your legs.))
((Your flesh is cold resistant. (rC+)))
Your natural rate of healing is unusually fast.
You expend magic power (3 MP) to strengthen your wands.


   Skills:
 + Level 3.0 Fighting
 + Level 3.7 Long Blades
 + Level 2.7 Throwing
 + Level 1.7 Armour
 - Level 2.6 Dodging


You had 3 spell levels left.
You didn't know any spells.
Your spell library was empty.

Inventory:

Hand Weapons
 a - a +0 long sword (weapon) {Charoen}
Missiles
 d - 4 throwing nets (quivered) {=f}
 e - a javelin
Armour
 b - a +0 leather armour (melded)
 c - a +0 helmet (melded)
Jewellery
 C - a ring of protection from cold (left branch)
Scrolls
 f - 3 scrolls of enchant weapon {unknown}
 g - a scroll of identify {unknown}
Potions
 h - a potion of curing {unknown}

Dungeon Overview and Level Annotations

Branches:
Dungeon (2/15)

Altars:

Shops:
D:1

=* ..........#
#)†......#
#........#
#........#
#........#
####'############+##
#.# #............
#.####............
#..g.♣............
######............
#............
#######)...........
#..........†.......
#.####............(
#........†..#.###
#.##.#####..# # ..
#.#####..#


You could see a gnoll.


Message History

The gnoll is moderately wounded.
The gnoll hits you with a +0 flail!
* * * LOW HITPOINT WARNING * * *
You slash the gnoll!
The gnoll is almost dead.
The gnoll misses you. The gnoll closely misses you.
Unknown command.
You slash the gnoll!
You kill the gnoll!
The gnoll hits you from afar with a +0 spear.
* * * LOW HITPOINT WARNING * * *
Your Fighting skill increases to level 3!
You are no longer unable to travel.
The gnoll barely misses you.
There is an open door here.
You close the door.
A gnoll opens the door.
The gnoll attacks as it pursues you!
The gnoll hits you from afar with a +0 spear!
* * * LOW HITPOINT WARNING * * *
The gnoll attacks as it pursues you! The gnoll misses you.
There is an open door here.
It was a potion of lignification.
You turn into a tree.
Your +0 helmet melds into your body.
Your +0 leather armour melds into your body.
Your roots penetrate the ground.
The gnoll hits you but does no damage.
It was a potion of mutation.
You feel extremely strange.
You begin to heal more quickly.
You feel resistant to cold.
You feel your magical essence link to the dungeon's wands.
The gnoll hits you from afar with a +0 spear.
You die...

Skill      XL: |  1  2  3  4 |
---------------+-------------+-----
Throwing       | 2 |  2.7
Armour         | 1 |  1.7
Fighting       | 3 |  3.0
Long Blades    | |  3.7
Dodging        | |  2.6

Action                     |  1- 3 |  4- 6 || total
---------------------------+-------+-------++-------
  Melee: Long sword        |   101 |    27 ||   128
    Use: Potion            |       |     2 ||     2
   Stab: Sleeping          |     1 |       ||     1
 Armour: Leather armour    |    61 |    15 ||    76
         Skin              |       |     2 ||     2
  Dodge: Dodged            |   107 |    22 ||   129

Levels and vault maps discovered:
D:1:      psy_arrival_terrarium, layout_loops_corners, serial_shops,
          nicolae_shop_stone, nicolae_shop_peninsula,
          hellmonk_ecumenical_altar_dog_temple, chequers_jeans, chequers_avenue
D:2:      layout_basic

Notes
Turn   | Place    | Note
-------+----------+-------------------------------------------
     0 | D:1      | cforsyth the Coglin Gladiator began the quest for the Orb.
     0 | D:1      | Reached XP level 1. HP: 16/16 MP: 1/1
    50 | D:1      | Reached XP level 2. HP: 22/22 MP: 2/2
    71 | D:1      | Reached skill level 2 in Throwing
    73 | D:1      | Found Uhug's General Store.
   118 | D:1      | Found Pivurotei's Jewellery Shop.
   173 | D:1      | Found a faded altar of an unknown god.
   203 | D:1      | Reached skill level 1 in Armour
   203 | D:1      | Reached XP level 3. HP: 10/28 MP: 3/3
   854 | D:1      | Reached XP level 4. HP: 34/34 MP: 4/4
  1293 | D:2      | Reached skill level 3 in Fighting
  1300 | D:2      | HP: 2/35 [gnoll/+0 spear (7)]
  1305 | D:2      | Gained mutation: Your natural rate of healing is unusually
                  | fast. [potion of mutation]
  1305 | D:2      | Gained mutation: Your flesh is cold resistant. (rC+)
                  | [potion of mutation]
  1305 | D:2      | Gained mutation: You expend magic power (3 MP) to
                  | strengthen your wands. [potion of mutation]
  1305 | D:2      | Slain by a gnoll

Vanquished Creatures
  3 gnolls (D:2)
  An adder (D:2)
  A dart slug (D:2)
  An endoplasm (D:1)
  A giant cockroach (D:1)
  4 goblins
  5 hobgoblins (D:1)
  4 jackals (D:1)
  3 kobolds (D:1)
  3 quokkas (D:1)
  6 ball pythons (D:1)
  5 bats
  A frilled lizard (D:1)
  A rat (D:1)
39 creatures vanquished.

Table legend: (Time is in decaauts)
 A = Elapsed time spent in this place.
 B = Non-inter-level travel time spent in this place.
 C = Inter-level travel time spent in this place.
 D = Time resting spent in this place.
 E = Time spent auto-exploring this place.
 F = Levels seen in this place.
 G = Mean time per level.
                   A        B        C        D        E       F      G
               +--------+--------+--------+--------+--------+-----+--------+
         Total |   1334 |   1282 |     52 |      0 |    967 |   2 |  667.0 |
       Dungeon |   1334 |   1282 |     52 |      0 |    967 |   2 |  667.0 |
               +--------+--------+--------+--------+--------+-----+--------+

Top non-repeatable levels by time:
     D:1: 1198 daAuts
     D:2: 136 daAuts

Table legend:
 A = Non-vault XP
 B = Vault XP
 C = Vault XP percentage of total XP
 D = Non-vault monster count
 E = Vault monster count
 F = Vault count percentage of total count
                 A         B        C        D         E       F
            +---------+---------+-------+---------+---------+-------
      Total |     145 |      12 |   7.6 |      35 |       4 |  10.3
            +---------+---------+-------+---------+---------+-------
        D:1 |      75 |      12 |  13.8 |      28 |       4 |  12.5
        D:2 |      70 |       0 |   0.0 |       7 |       0 |   0.0
            +---------+---------+-------+---------+---------+-------
